 Dungeon Crawl Stone Soup version 0.17.2 (webtiles) character file.

109 Goblin1989 the Poker (level 4, -1/33 HPs)
             Began as a Demonspawn Skald on July 10, 2016.
             Slain by a gnoll
             ... wielding a +0 spear
              (4 damage)
             ... on level 2 of the Dungeon.
             The game lasted 00:06:19 (2647 turns).

Goblin1989 the Poker (Demonspawn Skald)             Turns: 2647, Time: 00:06:20

Health: -1/33      AC:  5    Str: 13    XL:     4   Next: 60%
Magic:  4/7        EV: 11    Int: 13    God:
Gold:   71         SH:  2    Dex: 13    Spells: 3 memorised, 1 level left

rFire  . . .     SeeInvis .     a - +0 spear
rCold  . . .     Clarity  .     b - +0 leather armour
rNeg   . . .     SustAt   .     (no shield)
rPois  .         Gourm    .     (helmet restricted)
rElec  .         Spirit   .     (no cloak)
rCorr  .         Warding  .     (no gloves)
rMut   .         Stasis   .     (no boots)
MR     .....                    (no amulet)
Stlth  +.........               (no ring)
                                (no ring)

@: not resistant to hostile enchantments, very unstealthy
A: antennae 1, large bone plates 1
a: no special abilities


You were on level 2 of the Dungeon.
You were not hungry.

You visited 1 branch of the dungeon, and saw 2 of its levels.

You collected 71 gold pieces.

Inventory:

Hand Weapons
 a - a +0 spear (weapon)
Armour
 b - a +0 leather armour (worn)
Scrolls
 e - a scroll of random uselessness {unknown}
 f - a scroll of enchant weapon {unknown}
 k - a scroll of amnesia {unknown}
 l - a scroll of magic mapping {unknown}
 m - a scroll of remove curse {unknown}
Potions
 h - a potion of ambrosia {unknown}
 i - a potion of haste {unknown}
 j - a potion of heal wounds {unknown}
Books
 c - a book of Battle

   Spells                             Type                      Level
   a - Infusion                       Charms                       1
   b - Shroud of Golubria             Charms/Translocation         2
   c - Song of Slaying                Charms                       2
   d - Spectral Weapon                Hexes/Charms                 3
   e - Regeneration                   Charms/Necromancy            3
Comestibles
 d - a bread ration
 g - a beef jerky
 n - a chunk of flesh


   Skills:
 - Level 2.0 Fighting
 * Level 3.7 Polearms
 - Level 0.8 Armour
 - Level 0.8 Dodging
 - Level 2.0 Spellcasting
 + Level 3.5 Charms


You had one spell level left.
You knew the following spells:

 Your Spells              Type           Power        Failure   Level  Hunger
a - Infusion              Chrm           ##....       10%         1    ##.....
b - Song of Slaying       Chrm           ##......     12%         2    ###....
c - Regeneration          Chrm/Necr      #.........   54%         3    ####...


Dungeon Overview and Level Annotations

Branches:
Dungeon (2/15)

Altars:


Innate Abilities, Weirdness & Mutations

You have a pair of small antennae on your head.
You are partially covered in large bone plates (AC +2, SH +2).


Message History

You take 2 damage, and have 13/33 hp.
You now have 3/7 mp.
You hit the gnoll.
You are no longer magically infusing your attacks.
The gnoll barely misses you. The kobold closely misses you.
You barely miss the gnoll. The gnoll closely misses you.
The kobold hits you with a dagger.
You take 3 damage, and have 10/33 hp.
You hit the gnoll but do no damage. The gnoll hits you with a spear.
* * * LOW HITPOINT WARNING * * *
The kobold hits you with a dagger.
* * * LOW HITPOINT WARNING * * *
You take 4 damage, and have 6/33 hp.
You hit the gnoll. The gnoll misses you.
You barely miss the gnoll. The kobold hits you but does no damage.
The gnoll hits you with a spear.
* * * LOW HITPOINT WARNING * * *
You take 4 damage, and have 3/33 hp.
You hit the gnoll. The kobold closely misses you.
You hit the gnoll but do no damage. The gnoll hits you with a spear.
You die...

##.......## #.g........# ..
#.......)g# #.......)..#.#
#......)..# ##...........#
#.......K.# #...........####
#.........## #<..(...........
#..........####..).......##....
##......(#(...#.................
##>....#####.#..........###....
####..# #..g@K.......... ...
##.# #..........#####.... #.#
#..........# .. #.#
#..........###..# #.#
#..............# #.#
#...........###
####.######..........#
##.......#...........##
#....................#


You could see a gnoll and a kobold.

Vanquished Creatures
  A giant frog zombie (D:1)
  An adder (D:1)
  2 gnolls
  A worm (D:2)
  A giant gecko (D:1)
  2 giant cockroaches (D:1)
  9 hobgoblins
  10 kobolds
  7 bats
  3 giant newts (D:1)
  9 goblins
  5 rats
51 creatures vanquished.

Notes
Turn   | Place    | Note
--------------------------------------------------------------
     0 | D:1      | Goblin1989 the Demonspawn Skald began the quest for the Orb.
     0 | D:1      | Reached XP level 1. HP: 16/16 MP: 3/3
   316 | D:1      | Gained mutation: You have a pair of small antennae on your head. [demonic ancestry]
   316 | D:1      | Reached XP level 2. HP: 9/22 MP: 5/5
   560 | D:1      | Reached skill level 3 in Charms
   606 | D:1      | Reached XP level 3. HP: 17/27 MP: 6/6
  1334 | D:2      | Learned a level 2 spell: Song of Slaying
  1338 | D:2      | Learned a level 3 spell: Regeneration
  2380 | D:2      | Gained mutation: You are partially covered in large bone plates (AC +2, SH +2). [demonic ancestry]
  2380 | D:2      | Reached XP level 4. HP: 29/33 MP: 5/7
  2647 | D:2      | Slain by a gnoll

Action                   |  1- 3 |  4- 6 || total
-------------------------+-------+-------++-------
Melee: Spear             |   191 |    42 ||   233
 Cast: Infusion          |     4 |     3 ||     7
 Stab: Sleeping          |     1 |       ||     1
  Eat: Chunk             |     4 |     2 ||     6
